 Dungeon Crawl Stone Soup version bcrawl-1.35.5 (webtiles) character file.

Game seed: 9461766151897955327

150800 AlexTheTrain1 the Chopper (level 4, -6/41 HPs)
             Began as a Minotaur Fighter on Mar 8, 2022.
             Killed from afar by an orc wizard (11 damage)
             ... with a puff of flame
             ... on level 3 of the Dungeon.
             The game lasted 00:02:45 (2067 turns).

AlexTheTrain1 the Chopper (Minotaur Fighter)        Turns: 2067, Time: 00:02:45

Health: -6/41      AC:  7    Str: 27    XL:     4   Next: 93%
Magic:  3/3        EV:  6    Int:  5    God:
Gold:   133        SH:  0    Dex:  9    Spells: 3/3 levels left

rFire    . . .     SeeInvis .   a - +0 war axe
rCold    . . .     Gourm    .   c - +0 medium shield
rNeg     . . .     Faith    .   b - +0 scale mail
rPois    .         Spirit   .   (helmet restricted)
rElec    .         Reflect  .   (no cloak)
rCorr    .                      (no gloves)
MR       .....                  (no boots)
Stlth    ..........             (no amulet)
HPRegen  0.13/turn              (no ring)
MPRegen  0.08/turn              (no ring)

@: confused, mighty
A: retaliatory headbutt, horns 2
a: no special abilities


You were on level 3 of the Dungeon.
You were not hungry.

You visited 1 branch of the dungeon, and saw 3 of its levels.

You collected 133 gold pieces.

Inventory:

Hand Weapons
 a - a +0 war axe (weapon)
Armour
 b - a +0 scale mail (worn)
 c - a +0 medium shield (worn)
Jewellery
 f - a +3 ring of evasion {unknown}
 m - a cursed amulet of inaccuracy
 q - the ring "Ika Ugipu" {+Fly rElec, unknown}
   (You found it on level 2 of the Dungeon)

   [ring of flight]

   It insulates you from electricity.
   It lets you fly.
 s - an uncursed ring of see invisible {unknown}
Scrolls
 g - 2 scrolls of remove curse {unknown}
 k - a scroll of noise {unknown}
 l - 3 scrolls of teleportation {unknown}
 n - 3 scrolls of immolation {unknown}
 o - 2 scrolls of amnesia {unknown}
 t - a scroll of fear {unknown}
Potions
 h - 2 potions of haste {unknown}
 j - 2 potions of curing {unknown}
 p - a potion of degeneration {unknown}
 r - a potion of agility {unknown}
Comestibles
 e - 7 rations {!d}
 u - 5 chunks of flesh


   Skills:
 + Level 4.5 Fighting
 * Level 5.2 Axes
 - Level 3.8 Armour
 - Level 3.9 Shields


You had 3 spell levels left.
You didn't know any spells.
Your spell library was empty.

Dungeon Overview and Level Annotations

Branches:
Dungeon (3/12)

Altars:

Annotations:
D:3 2 runed translucent doors


Innate Abilities, Weirdness & Mutations

You reflexively headbutt those who attack you in melee.
You have a pair of horns on your head.


Message History

The orc priest barely misses you.
The rat twitches its whiskers.
The rat bites you but does no damage. The orc wizard barely misses you.
You hit the orc priest. You headbutt the orc priest.
You kill the orc priest!
You slash the rat!
You kill the rat!
You hit the orc wizard. You barely miss the orc. The orc hits you.
* * * LOW HITPOINT WARNING * * *
The orc wizard hits you but does no damage.
Your Axes skill increases to level 5!
Your shield prevents you from hitting the orc.
You miss the orc. You miss the orc wizard. The orc hits you.
* * * LOW HITPOINT WARNING * * *
The orc wizard miscasts a cantrip.
The orc barely misses you. The orc hits you.
* * * LOW HITPOINT WARNING * * *
The orc wizard points at you and mumbles some strange words.
The puff of flame hits you!
You die...

### #.. #.# #.#
#.#
##########.#######
#.....o.o.........
# #.o@..........
#...####.#.#.###
..... #†#.# ++##
#...# ... ##..# #.
######..#.###
.#### .
#.......#.#..
.....
######..#.#.#
..... #..#.#.#
#####


You could see an orc wizard and 2 orcs.

Vanquished Creatures
  An orc priest (D:3)
  3 gnolls (D:3)
  An adder zombie (D:3)
  2 worms (D:3)
  A dart slug (D:2)
  3 leopard geckos
  6 orcs
  5 bats
  3 goblins
  6 hobgoblins
  2 jackals (D:1)
  10 frilled lizards
  5 kobolds
  3 rats
  A plant (D:1)
52 creatures vanquished.

Notes
Turn   | Place    | Note
-------+----------+-------------------------------------------
     0 | D:1      | AlexTheTrain1 the Minotaur Fighter began the quest for the
                  | Orb.
     0 | D:1      | Reached XP level 1. HP: 19/19 MP: 0/0
   252 | D:1      | Reached XP level 2. HP: 27/27 MP: 1/1
   468 | D:1      | Reached skill level 3 in Axes
   599 | D:1      | Reached XP level 3. HP: 33/33 MP: 2/2
  1616 | D:2      | Got an ancient bronze ring
  2009 | D:3      | Reached skill level 4 in Axes
  2016 | D:3      | Reached XP level 4. HP: 37/41 MP: 3/3
  2063 | D:3      | Found a large runed translucent door.
  2065 | D:3      | Found a large runed translucent door.
  2067 | D:3      | Reached skill level 5 in Axes
  2067 | D:3      | Killed from afar by an orc wizard

Skill      XL: |  1  2  3  4 |
---------------+-------------+-----
Fighting       | 4 |  4.5
Axes           | 3 4 5 |  5.2
Armour         | |  3.8
Shields        | |  3.9

Action                   |  1- 3 |  4- 6 || total
-------------------------+-------+-------++-------
Melee: War axe           |   105 |    21 ||   126
       Headbutt          |    12 |     4 ||    16
  Use: Scroll            |     1 |       ||     1
       Potion            |       |     1 ||     1
  Eat: Chunk             |     7 |     1 ||     8
Armor: Scale mail        |    54 |     7 ||    61
Dodge: Dodged            |    35 |    10 ||    45
Block: Medium shield     |    49 |     9 ||    58
